 Dungeon Crawl Stone Soup version 0.30.1-9-gdf580d7c3d (webtiles) character file.

Game seed: 2232500419051928946

2811 monsoonserge the Thaumaturge (level 10, -10/61 HPs)
             Began as a Djinni Fire Elementalist on Sept 26, 2023.
             Was a Believer of Elyvilon.
             Mangled by a tengu warrior
             ... wielding a +0 bardiche
              (21 damage)
             ... on level 8 of the Dungeon.
             The game lasted 00:31:16 (6918 turns).

monsoonserge the Thaumaturge (DjFE)                 Turns: 6918, Time: 00:31:16

Health: -10/61     AC: 12    Str:  7    XL:     10   Next: 2%
Gold:   518        EV: 10    Int: 27    God:    Elyvilon [**....] SH:  9 Dex: 14

rFire   + + .        C - +2 dagger (freeze)
rCold   . . .        x - +0 kite shield {rC+}
rNeg    . . .        D - +0 steam dragon scales
rPois   ∞            (no helmet)
rElec   .            G - +2 cloak {Stlth+}
rCorr   .            (no gloves)
SInv    .            (boots unavailable)
Will    +....        (no amulet)
Stlth   +++          F - +4 ring of protection
HPRegen 0.30/turn    j - +6 ring of intelligence
MPRegen 0.00/turn

%: infuse magic (-11 HP)
@: flying, studying Shields
A: sickness immunity, fire resistance 2, cold vulnerability 1, float, innate
caster, HP casting, extra vitality 1
a: Renounce Religion, Purification, Heal Other


You were on level 8 of the Dungeon.
You worshipped Elyvilon.
Elyvilon was pleased with you.
You visited 2 branches of the dungeon, and saw 9 of its levels.

You collected 582 gold pieces.
You spent 64 gold pieces at shops.

Inventory:

Hand Weapons
 C - a +2 dagger of freezing (weapon)
Missiles
 h - 2 curare-tipped darts
 l - 3 datura-tipped darts
 z - 17 poisoned darts
 B - 6 boomerangs
 E - 4 atropa-tipped darts
Armour
 r - a +4 ring mail
 x - a +0 kite shield of cold resistance (worn)
 D - +0 steam dragon scales (worn)
 G - a +2 cloak of stealth (worn)
Jewellery
 j - a +6 ring of intelligence (right hand)
 k - a ring of see invisible
 F - a +4 ring of protection (left hand)
Wands
 e - a wand of paralysis (12)
 v - a wand of light (9)
 y - a wand of roots (20)
Scrolls
 a - a scroll of silence
 c - a scroll of teleportation
 f - 2 scrolls of poison
 i - 6 scrolls of fear
 m - a scroll of vulnerability
 n - 3 scrolls of fog
 o - 3 scrolls of torment {unknown}
 q - 2 scrolls of blinking
 s - a scroll of amnesia {unknown}
 t - a scroll of immolation
 w - 2 scrolls of enchant armour
 I - a scroll of brand weapon
Potions
 b - 3 potions of might {unknown}
 d - 3 potions of mutation {unknown}
 g - 2 potions of heal wounds
 p - a potion of lignification
 u - 2 potions of curing
 A - a potion of cancellation
 H - a potion of attraction {unknown}


   Skills:
 + Level 0.5 Fighting
 + Level 0.1 Short Blades
 + Level 1.0 Throwing
 + Level 1.3 Armour
 + Level 2.7 Dodging
 + Level 2.7 Stealth
 * Level 4.8 Shields
 * Level 9.2 Spellcasting
 * Level 2.0 Invocations
 * Level 0.7 Evocations


You knew the following spells:

 Your Spells              Type           Power      Damage    Failure   Level
a - Foxfire               Conj/Fire      100%       2x1d9     1%          1
b - Scorch                Fire           100%       2d9       1%          2
c - Volatile Blastmotes   Fire/Tloc      100%       2d18      1%          3
d - Inner Flame           Hex/Fire       58%        N/A       1%          3
e - Flame Wave            Conj/Fire      58%        2d14      6%          4
f - Slow                  Hex            100%       N/A       1%          1
g - Ensorcelled Hibernat  Hex/Ice        100%       N/A       1%          2
h - Wereblood             Tmut           58%        N/A       1%          2
i - Ignite Poison         Fire/Tmut/Pois 58%        N/A       1%          3
Your spell library was empty.

Dungeon Overview and Level Annotations

Branches:
Dungeon (8/15)             Temple (1/1) D:7
   Lair: D:8-11

Altars:
Ashenzari
Cheibriados
Dithmenos
Elyvilon
Gozag
Hepliaklqana
Makhleb
Nemelex Xobeh
Okawaru
Qazlal
Ru
Trog
Uskayaw
Wu Jian
Xom
Yredelemnul
Zin
The Shining One

Shops:
D:2 *


Innate Abilities, Weirdness & Mutations

You are immune to sickness and miasma.
You are immune to poison.
Your flesh is very heat resistant. (rF++)
You are vulnerable to cold. (rC-)
You float through the air rather than walking.
You learn spells naturally, not from books.
Your magical power is your life essence.
You have superior vitality. (+4 MHP)


Message History

The tengu warrior looks drowsy...
* * * LOW HITPOINT WARNING * * *
The helpless tengu warrior fails to defend itself.
You puncture the tengu warrior! You freeze the tengu warrior.
The tengu warrior is lightly wounded.
The tengu warrior barely misses you.
The tengu warrior pecks you but does no damage.
You block the tengu warrior's attack.
The tengu warrior hits you with a +0 bardiche.
* * * LOW HITPOINT WARNING * * *
You block the tengu warrior's attack.
The tengu warrior claws you but does no damage.
Press: ? - help, v - describe, . - travel
Here: a tengu warrior, wielding a +0 bardiche and wearing a +0 leather armour (lightly wounded)
The floor.
Press: ? - help, Dir - move target, f/p - tengu warrior Heal: a tengu warrior, wielding a +0 bardiche and wearing a +0 leather armour (lightly wounded, uninterested)
Aiming: Paralyse
Press: ? - help, Shift-Dir - straight line, f/p - tengu warrior
Aim: a tengu warrior, wielding a +0 bardiche and wearing a +0 leather armour (lightly wounded, chance to affect: 32%)
Okay, then.
Aiming: Bolt of Light
Press: ? - help, Shift-Dir - straight line, f/p - tengu warrior
Aim: a tengu warrior, wielding a +0 bardiche and wearing a +0 leather armour (lightly wounded, 46% to hit)
The bolt of light hits the tengu warrior!
The tengu warrior is moderately wounded.
The tengu warrior is blinded.
You block the tengu warrior's attack.
The tengu warrior pecks you but does no damage.
The tengu warrior claws you but does no damage.
You hit the tengu warrior but do no damage.
The tengu warrior is moderately wounded.
A white imp comes into view.
The tengu warrior closely misses you. The tengu warrior pecks you.
* * * LOW HITPOINT WARNING * * *
The tengu warrior barely misses you.
You hit the tengu warrior. You freeze the tengu warrior.
The tengu warrior is heavily wounded.
The tengu warrior shouts!
The tengu warrior hits you with a +0 bardiche!!
You die...

....#.# #######
##.#.## ..§§... ##.#.#
#.#§§≈§≈
^..#.##..§≈≈≈§§
###..[..≈≈§###### #
.......≈≈≈##....## ≈#
###...§≈≈##......##≈≈#
###....≈≈#..#'##..#≈§#
....#..§≈#..# #@.#S§#
##..#..§§#.. #Q.#≈§#
##..#.#≈≈#..####5.#§≈#
.......≈§##.Q..†.##≈§#
##.....≈§≈##....##≈§≈#
##.##.##§≈8##''##8§≈##
......##§§≈.8.§8.≈≈≈#
#########≈≈≈....§≈≈##
######≈≈≈.>≈§§.#


You could see a tengu warrior (blind), a lava snake and a white imp.

Vanquished Creatures
  A boulder beetle (D:7)
  Prince Ribbit (D:7)
  A yak (D:8)
  A water moccasin (D:6)
  An orc warrior (D:8)
  2 sky beasts (D:6)
  2 ogres (D:6)
  2 centaurs
  2 scorpions (D:6)
  4 bullfrogs
  4 howler monkeys
  A jelly (D:7)
  An orc priest (D:3)
  A gnoll bouda (D:6)
  5 hounds
  3 iguanas
  4 orc wizards
  7 adders
  4 gnolls (D:6)
  A shadow imp (D:8)
  2 white imps
  An ufetubus (D:4)
  3 worms
  2 dart slugs
  16 orcs
  8 endoplasms
  2 giant cockroaches
  8 goblins
  7 hobgoblins
  3 quokkas
  9 ball pythons
  4 bats
  3 frilled lizards
  6 kobolds
  5 rats
127 creatures vanquished.

Vanquished Creatures (others)
  319 foxfires
319 creatures vanquished.

Grand Total: 446 creatures vanquished

Notes
Turn   | Place    | Note
-------+----------+-------------------------------------------
     0 | D:1      | monsoonserge the Djinni Fire Elementalist began the quest
                  | for the Orb.
     0 | D:1      | monsoonserge set off with the following spells memorised:
                  | Foxfire, Scorch, Volatile Blastmotes, Inner Flame, Flame
                  | Wave.
     0 | D:1      | Reached XP level 1. HP: 15/15 MP: 0/0
   103 | D:1      | Reached XP level 2. HP: 18/21 MP: 0/0
   259 | D:1      | Reached skill level 3 in Spellcasting
   296 | D:1      | Reached XP level 3. HP: 19/25 MP: 0/0
   296 | D:1      | Learned a level 1 spell: Slow
   647 | D:2      | Found Nosuq's General Store.
   664 | D:2      | Bought 2 curare-tipped darts for 24 gold pieces
   664 | D:2      | Bought a scroll of fear for 40 gold pieces
   773 | D:2      | Reached XP level 4. HP: 29/31 MP: 0/0
  1175 | D:2      | You are sucked into a shaft and drop 1 floor!
  1618 | D:3      | Reached XP level 5. HP: 33/35 MP: 0/0
  1618 | D:3      | Learned a level 2 spell: Ensorcelled Hibernation
  1652 | D:3      | Reached skill level 4 in Spellcasting
  2517 | D:4      | Reached XP level 6. HP: 35/40 MP: 0/0
  3205 | D:5      | Entered Level 5 of the Dungeon
  3261 | D:5      | Reached skill level 1 in Armour
  3261 | D:5      | Reached skill level 5 in Spellcasting
  3266 | D:5      | Found a hide-covered altar of Uskayaw.
  3288 | D:5      | Reached XP level 7. HP: 30/45 MP: 0/0
  3288 | D:5      | Learned a level 2 spell: Wereblood
  3303 | D:4      | Reached skill level 1 in Shields
  3580 | D:5      | Found an ornate altar of the Wu Jian Council.
  3909 | D:6      | Got Makkyena's Starting Wizardry
  3980 | D:6      | Reached skill level 1 in Throwing
  4133 | D:6      | Reached skill level 6 in Spellcasting
  4133 | D:6      | Reached XP level 8. HP: 39/50 MP: 0/0
  4448 | D:6      | Reached skill level 7 in Spellcasting
  4455 | D:6      | HP: 2/51 [centaur/arrow (4)]
  4976 | D:6      | Reached XP level 9. HP: 45/56 MP: 0/0
  4976 | D:6      | Learned a level 3 spell: Ignite Poison
  5279 | D:7      | Found a staircase to the Ecumenical Temple.
  5287 | Temple   | Entered the Ecumenical Temple
  5390 | Temple   | Became a worshipper of Elyvilon the Healer
  5509 | D:7      | Noticed Prince Ribbit
  5519 | D:7      | Killed Prince Ribbit
  5520 | D:7      | Reached skill level 8 in Spellcasting
  5737 | D:7      | Reached * piety under Elyvilon
  5977 | D:7      | Noticed a boulder beetle
  5992 | D:7      | Killed a boulder beetle
  5993 | D:7      | Reached skill level 1 in Invocations
  6539 | D:8      | Reached ** piety under Elyvilon
  6839 | D:8      | Reached skill level 9 in Spellcasting
  6904 | D:8      | Reached XP level 10. HP: 43/61 MP: 0/0
  6906 | D:8      | Noticed a tengu warrior
  6918 | D:8      | Mangled by a tengu warrior

Illustrated notes

Levels and vault maps discovered:
D:1:      dpeg_arrival_tiny_a, layout_basic, st_stairs_2
D:2:      layout_loops_ring, serial_shops, shop, minivault_19
D:3:      layout_loops_corners, columned_hall_lemuel
D:4:      layout_cave_pools, palyth_stone_intersect, minmay_puff
D:5:      layout_cave_pools, nicolae_overflow_crystal_walls,
          eat_drink_and_be_merry_uskayaw
D:6:      layout_loops_ring, minmay_manual_mares
D:7:      layout_basic, minmay_temple_entry_ruins, uniq_prince_ribbit1
D:8:      layout_loops_cross, kennysheep_island_fort
Temple:   nicolae_temple_two_arcs

Skill      XL: |  1  2  3  4  5  6  7  8  9 |
---------------+----------------------------+-----
Spellcasting   | 3 4 5 6 7 9 |  9.2
Stealth        | 2 |  2.7
Armour         | 1 |  1.3
Shields        | 1 2 4 |  4.8
Throwing       | 1 |  1.0
Invocations    | 2 |  2.0
Fighting       | |  0.5
Short Blades   | |  0.1
Dodging        | |  2.7
Evocations     | |  0.7

Action                     |  1- 3 |  4- 6 |  7- 9 | 10-12 || total
---------------------------+-------+-------+-------+-------++-------
  Melee: Dagger            |     3 |     3 |       |     3 ||     9
   Cast: Foxfire           |    49 |    70 |    64 |       ||   183
         Scorch            |    10 |    41 |    46 |       ||    97
         Volatile Blastmot |       |     3 |    25 |       ||    28
         Inner Flame       |       |     1 |       |       ||     1
         Ensorcelled Hiber |       |     1 |     5 |     1 ||     7
         Flame Wave        |       |       |     1 |       ||     1
         Slow              |       |       |       |     1 ||     1
  Evoke: Wand              |       |       |       |     1 ||     1
    Use: Scroll            |       |       |    14 |       ||    14
         Potion            |       |       |     2 |       ||     2
   Stab: Sleeping          |       |     3 |       |     1 ||     4
 Armour: Robe              |     5 |       |       |       ||     5
         Leather armour    |       |     2 |     7 |       ||     9
         Steam dragon scal |       |       |     5 |     4 ||     9
  Dodge: Dodged            |    10 |    14 |    17 |     5 ||    46
  Block: Kite shield       |       |       |     3 |     3 ||     6
